 Dungeon Crawl Stone Soup version 0.21.0-3-g78d12a8 (console) character file.

76927 nht the Fencer (level 15, -6/162 HPs)
             Began as a Demonspawn Berserker on Jan 8, 2018.
             Was a High Priest of Trog.
             Mangled by MTVSty1e's ghost (43 damage)
             ... on level 2 of the Orcish Mines.
             The game lasted 00:44:26 (18295 turns).

nht the Fencer (Demonspawn Berserker)              Turns: 18295, Time: 00:44:27

Health: -6/162     AC: 11    Str: 25    XL:     15   Next: 13%
Magic:  19/19      EV: 21    Int:  8    God:    Trog [*****.]
Gold:   1113       SH:  8    Dex: 26    Spells: 14/14 levels left

rFire    + . .     SeeInvis .   a - +3 falchion (elec)
rCold    . . .     Gourm    .   f - +1 buckler
rNeg     . . .     Faith    .   r - +2 ring mail {MR+}
rPois    +         Spirit   .   (helmet restricted)
rElec    .         Reflect  .   C - scarf {cloud immunity}
rCorr    .         Harm     .   q - +2 pair of gloves
MR       ++++.                  l - +0 pair of boots
Stlth    ..........             k - amulet of regeneration
HPRegen  1.77/turn              H - ring of poison resistance
MPRegen  0.16/turn              F - ring of protection from fire

@: agile, berserking (expiring), lethally poisoned (-6 -> -17), regenerating,
very quick
A: antennae 1, thin skeletal structure 2, nightstalker 2, rot immunity
a: Berserk, Trog's Hand, Brothers in Arms, Burn Spellbooks, Renounce Religion


You were on level 2 of the Orcish Mines.
You worshipped Trog.
Trog was extremely pleased with you.
You were near starving.

You visited 4 branches of the dungeon, and saw 21 of its levels.
You also visited: Volcano.

You collected 1966 gold pieces.
You spent 853 gold pieces at shops.

Inventory:

Hand Weapons
 a - a +3 falchion of electrocution (weapon)
 b - a +4 double sword of flaming
 Q - a +8 quick blade of flaming
 S - a +0 blowgun
Missiles
 m - 3 exploding tomahawks
 u - 26 tomahawks (quivered)
 y - 4 steel tomahawks
 R - 59 poisoned needles
 T - 5 tomahawks of returning
 X - 12 javelins
 Z - 6 curare-tipped needles
Armour
 f - a +1 buckler (worn)
 l - a +0 pair of boots (worn)
 q - a +2 pair of gloves (worn)
 r - a +2 ring mail of magic resistance (worn)
 C - a scarf of cloud immunity (worn)
Jewellery
 j - an uncursed ring of see invisible
 k - an amulet of regeneration (around neck)
 F - a ring of protection from fire (right hand)
 H - a ring of poison resistance (left hand)
 J - an uncursed ring of resist corrosion
Wands
 p - a wand of digging (15)
 v - a wand of flame (63)
 E - a wand of clouds (12)
 G - a wand of enslavement (14)
 I - a wand of random effects (72)
 N - a wand of acid (7)
 P - a wand of polymorph (19)
 Y - a wand of iceblast (9)
Scrolls
 d - a scroll of magic mapping
 e - 3 scrolls of blinking
 h - 10 scrolls of teleportation
 o - 3 scrolls of remove curse
 w - 4 scrolls of enchant weapon
 x - 5 scrolls of fear
 z - 4 scrolls of vulnerability
 M - 3 scrolls of immolation
Potions
 g - 2 potions of flight
 i - 2 potions of lignification
 n - 7 potions of curing
 t - a potion of invisibility
 A - 3 potions of agility
 B - a potion of haste
 D - 5 potions of ambrosia
 K - 9 potions of heal wounds
 L - 4 potions of might
 U - 2 potions of mutation
 V - 4 potions of resistance
 W - a potion of cancellation
Miscellaneous
 s - a fan of gales (inert)
Comestibles
 c - 52 rations


   Skills:
 - Level 7.0 Fighting
 - Level 16.0 Long Blades
 * Level 12.8 Throwing
 - Level 1.7 Armour
 - Level 6.0 Dodging
 - Level 6.1 Stealth
 - Level 4.4 Shields
 - Level 6.1 Evocations


You had 14 spell levels left.
You didn't know any spells.

Dungeon Overview and Level Annotations

Branches:
Dungeon (12/15)            Temple (1/1) D:4            Lair (6/6) D:8
  Swamp (0/4) Lair:4       Spider (0/4) Lair:2        Slime (0/5) Lair:5
    Orc (2/2) D:12
    Elf: Orc:2

Altars:
Cheibriados
Dithmenos
Gozag
Hepliaklqana
Nemelex Xobeh
Okawaru
Ru
Sif Muna
Trog
Uskayaw
Vehumet
Wu Jian
Xom
Yredelemnul
Zin
The Shining One
Jiyva

Shops:
D:4 =   D:8 }!*   D:10 *   D:11 }

Annotations:
D:5 2 runed doors
D:6 exclusion: statue
D:8 1 runed door
Lair:4 2 transporters!, fire res
Lair:5 1 runed door
Orc:2 MTVSty1e's ghost, journeyman MiMo


Innate Abilities, Weirdness & Mutations

You have a pair of small antennae on your head.
You have a moderately thin skeletal structure. (Dex +4, Stealth+)
You are significantly more attuned to the shadows.
You are immune to rotting.


Message History

The orc warrior is severely wounded.
You feel sick. The orc warrior completely misses you.
MTVSty1e's ghost lets out a mournful wail.
MTVSty1e's ghost barely misses you.
You hit the orc warrior but do no damage.
The orc warrior is severely wounded.
You feel sick.
Your iron troll bites MTVSty1e's ghost!
Your iron troll claws MTVSty1e's ghost!!!
Your iron troll closely misses MTVSty1e's ghost.
The orc warrior misses you.
You hear a shout!
You slash the orc warrior!
You kill the orc warrior!
Trog accepts your kill.
You feel sick.
You are near starving!
You hit MTVSty1e's ghost.
MTVSty1e's ghost is severely damaged.
You feel sick. MTVSty1e's ghost hits you!!!
You die...

..$. ....
...█.....██
.$.█..█....█
...........█
█..█.o[[...█
.....)<....█
..█.@T)...█
█)W))...█
..█......█
█......oo..█
██...o..o..█
..........


You could see an orc knight, 2 orc warriors, MTVSty1e's ghost, 2 orcs and a
friendly iron troll (berserk).

Vanquished Creatures
  A dire elephant (Lair:6)
  Erolcha (D:9)
  Fannar (Lair:2)
  6 hydras
  3 two-headed ogres (D:12)
  A dancing weapon (Volcano)
  Urug (D:11)
  An orc high priest (Orc:2)
  Sonja (D:12)
  An unseen horror (D:11)
  Pikel (D:9)
  An obsidian statue (D:11)
  The ghost of MTVSty1e the Cleaver, a novice DrMo (D:5)
  5 wizards (Volcano)
  2 harpies (Lair:6)
  3 oklob plants (Lair:3)
  A cyclops (D:10)
  3 ugly things
  2 manticores
  3 black mambas
  5 toenail golems (Volcano)
  6 elephants (Lair:6)
  9 spiny frogs
  5 torpor snails (Lair:4)
  A gargoyle (D:12)
  3 rime drakes (Lair:6)
  7 komodo dragons
  A kobold demonologist (D:12)
  2 trolls
  2 polar bears
  A hornet (Lair:6)
  19 blink frogs
  6 hippogriffs
  11 dream sheep
  A shadow (D:12)
  A redback (Lair:2)
  19 yaks
  5 wyverns
  A wraith (D:11)
  A basilisk (Lair:2)
  4 vampire mosquitoes (D:12)
  Grum (D:10)
  8 soldier ants (Lair:3)
  17 water moccasins
  7 porcupines
  12 orc warriors
  A sky beast (D:7)
  3 ice beasts
  An eye of draining (D:11)
  A black bear (Lair:3)
  5 ogres
  6 wolves
  4 phantoms
  A necrophage (D:10)
  8 centaurs
  15 crocodiles
  2 big kobolds
  19 bullfrogs
  A wyvern zombie (D:11)
  4 scorpions
  A troll zombie (D:12)
  9 killer bees
  5 wights (D:12)
  2 electric eels (Lair:5)
  A howler monkey (D:11)
  3 crimson imps
  A quasit (D:6)
  2 gnoll shamans
  6 hounds
  6 jellies
  8 orc priests
  2 bullfrog skeletons
  23 worker ants
  An iguana (D:4)
  17 orc wizards
  A killer bee zombie (D:5)
  5 ogre zombies (D:12)
  A hound skeleton (D:9)
  A worker ant zombie (D:9)
  2 howler monkey skeletons
  14 gnolls
  11 adders
  4 shadow imps
  8 oozes
  An adder skeleton (D:7)
  An adder zombie (D:7)
  4 dart slugs
  11 leopard geckos
  59 orcs
  7 giant cockroaches
  7 goblins
  4 hobgoblins
  17 jackals
  12 kobolds
  5 quokkas
  A ball python (D:6)
  3 bats
  4 frilled lizards
  2 goblin skeletons (D:12)
  2 goblin zombies (D:12)
  3 hobgoblin skeletons (D:12)
  A hobgoblin zombie (D:12)
  An orc skeleton (D:12)
  10 orc zombies (D:12)
  A quokka skeleton (D:4)
  2 quokka zombies
  16 rats
573 creatures vanquished.

Vanquished Creatures (collateral kills)
  A merfolk avatar (Lair:6)
  3 death yaks (D:8)
  A queen ant (Lair:3)
  A rime drake (Lair:6)
  A wind drake (Lair:6)
  A polar bear (Lair:6)
  12 soldier ants (Lair:3)
  A water moccasin (Lair:6)
  An orc warrior (Orc:2)
  A porcupine (D:8)
  8 worker ants
  A hell rat (D:8)
  2 orcs
34 creatures vanquished.

Vanquished Creatures (others)
  A slave (D:9)
  An orc (D:9)
  A fungus (Lair:6)
  5 plants
8 creatures vanquished.

Grand Total: 615 creatures vanquished

Notes
Turn   | Place    | Note
-------+----------+-------------------------------------------
     0 | D:1      | nht the Demonspawn Berserker began the quest for the Orb.
     0 | D:1      | Reached XP level 1. HP: 18/18 MP: 1/1
    11 | D:1      | Reached skill level 3 in Long Blades
    24 | D:1      | Gained mutation: You have a somewhat thin skeletal structure. (Dex +2, Stealth) [demonic ancestry]
    24 | D:1      | Reached XP level 2. HP: 14/24 MP: 2/2
   498 | D:1      | Reached ** piety under Trog
   804 | D:2      | Gained mutation: You have a moderately thin skeletal structure. (Dex +4, Stealth+) [demonic ancestry]
   804 | D:2      | Reached XP level 3. HP: 18/29 MP: 3/3
   957 | D:2      | Reached skill level 4 in Long Blades
  1442 | D:3      | Reached skill level 1 in Shields
  1529 | D:3      | Found a basalt altar of Yredelemnul.
  1533 | D:3      | Reached XP level 4. HP: 35/35 MP: 4/4
  1807 | D:4      | Found Caerapre's Jewellery Boutique.
  1920 | D:4      | Reached XP level 5. HP: 22/41 MP: 5/5
  2115 | D:4      | Reached skill level 5 in Long Blades
  2221 | D:4      | Reached *** piety under Trog
  2822 | D:4      | Found a staircase to the Ecumenical Temple.
  2839 | D:4      | Reached XP level 6. HP: 30/47 MP: 6/6
  3093 | Temple   | Entered the Ecumenical Temple
  3125 | D:5      | Entered Level 5 of the Dungeon
  3271 | D:5      | Reached skill level 6 in Long Blades
  3405 | D:5      | Noticed MTVSty1e's ghost (novice DrMo)
  3428 | D:5      | HP: 1/47 [MTVSty1e's ghost (7)]
  3509 | D:5      | Gained mutation: You are slightly more attuned to the shadows. [demonic ancestry]
  3509 | D:5      | Reached XP level 7. HP: 52/52 MP: 7/7
  3604 | D:5      | Killed MTVSty1e's ghost
  3604 | D:5      | Reached skill level 7 in Long Blades
  3604 | D:5      | Reached XP level 8. HP: 42/58 MP: 8/8
  3669 | D:5      | Found a large runed door.
  3669 | D:5      | Found a large runed door.
  3736 | D:5      | Found a large runed door.
  3736 | D:5      | Found a large runed door.
  3775 | D:5      | Got a faintly glowing brass amulet
  3776 | D:5      | Identified the amulet "Fofekug" {Gourm -Tele MR+ MP+9} (You found it on level 5 of the Dungeon)
  3846 | D:5      | Reached skill level 8 in Long Blades
  4002 | D:5      | Found a shimmering altar of Xom.
  4289 | D:6      | Found an iron altar of Okawaru.
  4370 | D:6      | Found a radiant altar of Vehumet.
  4385 | D:6      | Found a hide-covered altar of Uskayaw.
  4385 | D:6      | Found a glowing silver altar of Zin.
  4389 | D:6      | Reached **** piety under Trog
  4418 | D:6      | Reached skill level 9 in Long Blades
  5039 | D:7      | Reached skill level 10 in Long Blades
  5045 | D:7      | Reached XP level 9. HP: 63/63 MP: 9/9
  5227 | D:7      | Reached ***** piety under Trog
  5283 | D:7      | Found a sparkling altar of Nemelex Xobeh.
  5633 | D:8      | Found Xehed's Assorted Antiques.
  5638 | D:8      | Noticed a death yak
  5639 | D:8      | Noticed a death yak
  5643 | D:8      | Noticed a death yak
  5650 | D:8      | Killed a death yak
  5650 | D:8      | Reached skill level 11 in Long Blades
  5653 | D:8      | Killed a death yak
  5655 | D:8      | Killed a death yak
  5666 | D:8      | Found a staircase to the Lair.
  5708 | D:8      | Bought a sapphire potion for 25 gold pieces
  5734 | D:8      | Reached skill level 12 in Long Blades
  5767 | D:8      | Found Sistrypod's Distillery.
  5775 | D:8      | Bought 2 potions of heal wounds for 120 gold pieces
  5775 | D:8      | Bought a potion of curing for 36 gold pieces
  5775 | D:8      | Bought a potion of heal wounds for 60 gold pieces
  5775 | D:8      | Bought a potion of curing for 36 gold pieces
  5775 | D:8      | Bought a potion of agility for 48 gold pieces
  5775 | D:8      | Bought a potion of haste for 120 gold pieces
  5794 | D:8      | Found Qaxyaggaext's Gadget Shop.
  5864 | D:8      | Found a glowing golden altar of the Shining One.
  5865 | D:8      | Found a runed door.
  5865 | D:8      | Noticed an angel
  5928 | D:8      | Found an opulent altar of Gozag.
  6103 | D:8      | Gained mutation: You are significantly more attuned to the shadows. [demonic ancestry]
  6103 | D:8      | Reached XP level 10. HP: 68/70 MP: 10/10
  6152 | D:8      | Received a gift from Trog
  6258 | D:8      | Found a hazy altar of Hepliaklqana.
  6266 | D:8      | Found a deep blue altar of Sif Muna.
  6506 | D:8      | Bought a potion of invisibility for 96 gold pieces
  6506 | D:8      | Bought a potion of mutation for 96 gold pieces
  6506 | D:8      | Bought a potion of resistance for 120 gold pieces
  6506 | D:8      | Bought a potion of invisibility for 96 gold pieces
  6813 | D:9      | Noticed Pikel
  6819 | D:9      | Killed Pikel
  6819 | D:9      | Reached skill level 13 in Long Blades
  7101 | D:9      | Noticed Erolcha
  7117 | D:9      | Killed Erolcha
  7439 | D:10     | Entered Level 10 of the Dungeon
  7489 | D:10     | Noticed a cyclops
  7497 | D:10     | Killed a cyclops
  7663 | D:10     | Noticed Grum
  7670 | D:10     | Killed Grum
  7681 | D:10     | Reached skill level 1 in Stealth
  7681 | D:10     | Reached skill level 1 in Evocations
  7705 | D:10     | Reached skill level 1 in Throwing
  7736 | D:10     | Reached skill level 14 in Long Blades
  7836 | D:10     | Found Ozxohiax's Elemental Accessories.
  7956 | D:10     | Gained mutation: You have a pair of small antennae on your head. [demonic ancestry]
  7956 | D:10     | Reached XP level 11. HP: 72/75 MP: 12/12
  8363 | D:11     | Found Maall's Gadget Shoppe.
  8457 | D:11     | Noticed a red ugly thing
  8468 | D:11     | Killed a red ugly thing
  8591 | D:11     | Noticed an obsidian statue
  8613 | D:11     | Killed an unseen horror
  8769 | D:11     | Noticed Urug
  8770 | D:11     | Received a gift from Trog
  8783 | D:11     | Killed Urug
  8834 | D:11     | Noticed a cyan ugly thing
  8852 | D:11     | Killed a cyan ugly thing
  8947 | D:11     | Killed an obsidian statue
  9173 | D:11     | Reached skill level 5 in Fighting
  9396 | D:12     | Noticed Sonja
  9404 | D:12     | Killed Sonja
  9404 | D:12     | Reached skill level 5 in Throwing
  9536 | D:12     | Noticed a six-headed hydra
  9541 | D:12     | Noticed a two-headed ogre
  9546 | D:12     | Killed a one-headed hydra
  9559 | D:12     | Killed a two-headed ogre
  9559 | D:12     | Reached XP level 12. HP: 42/86 MP: 15/15
  9690 | D:12     | Noticed a two-headed ogre
  9700 | D:12     | Killed a two-headed ogre
  9756 | D:12     | Found a staircase to the Orcish Mines.
 10156 | D:12     | Noticed a two-headed ogre
 10160 | D:12     | Reached skill level 5 in Dodging
 10176 | D:12     | Killed a two-headed ogre
 10176 | D:12     | Reached skill level 5 in Stealth
 10176 | D:12     | Reached skill level 5 in Evocations
 10673 | Lair:1   | Entered Level 1 of the Lair of Beasts
 10803 | Lair:1   | Received a gift from Trog
 10818 | Lair:1   | Noticed a six-headed hydra
 10822 | Lair:1   | Killed a six-headed hydra
 10934 | Lair:1   | Noticed a seven-headed hydra
 10949 | Lair:1   | Killed a one-headed hydra
 11790 | Lair:2   | Noticed Fannar
 11814 | Lair:2   | Killed Fannar
 11967 | Lair:2   | Found a hole to the Spider Nest.
 12331 | Lair:2   | Reached skill level 15 in Long Blades
 12331 | Lair:2   | Reached XP level 13. HP: 95/95 MP: 17/17
 12532 | Lair:2   | Reached XP level 14. HP: 91/101 MP: 18/18
 13424 | Lair:3   | Received a gift from Trog
 14040 | Lair:4   | Found a staircase to the Swamp.
 14143 | Lair:4   | Found a snail-covered altar of Cheibriados.
 14606 | Lair:4   | Found a transporter.
 14661 | Lair:4   | Found a transporter.
 15190 | Lair:5   | Reached skill level 16 in Long Blades
 15231 | Lair:5   | Found a dark tunnel.
 15238 | Volcano  | Entered a volcano
 15249 | Volcano  | Reached skill level 10 in Throwing
 15708 | Volcano  | Received a gift from Trog
 15887 | Lair:5   | Found a runed door.
 15887 | Lair:5   | Found a viscous altar of Jiyva.
 15888 | Lair:5   | Found a staircase to the Slime Pits.
 16486 | Lair:6   | Entered Level 6 of the Lair of Beasts
 17084 | Lair:6   | Gained mutation: You are immune to rotting. [demonic ancestry]
 17084 | Lair:6   | Reached XP level 15. HP: 73/108 MP: 19/19
 17695 | Lair:6   | Got a twisted leather armour
 17706 | Lair:6   | Identified the +0 leather armour "Xuneariu" {rElec MR+ Stlth+} (You found it on level 6 of the Lair of Beasts)
 17985 | Orc:1    | Entered Level 1 of the Orcish Mines
 18095 | Orc:2    | Entered Level 2 of the Orcish Mines
 18095 | Orc:2    | Noticed MTVSty1e's ghost (journeyman MiMo)
 18116 | Orc:2    | Received a gift from Trog
 18295 | Orc:2    | Mangled by MTVSty1e's ghost

Skill      XL: |  1  2  3  4  5  6  7  8  9 10 11 12 13 14 |
---------------+-------------------------------------------+-----
Long Blades    | 3 4 5 6 7 10 12 14 15 16 | 16.0
Shields        | 1 2 3 4 |  4.4
Dodging        | 2 4 5 6 |  6.0
Stealth        | 1 4 5 6 |  6.1
Evocations     | 1 4 6 |  6.1
Throwing       | 1 5 7 8 12 | 12.8
Fighting       | 5 6 7 |  7.0
Armour         | |  1.7

Action                   |  1- 3 |  4- 6 |  7- 9 | 10-12 | 13-15 || total
-------------------------+-------+-------+-------+-------+-------++-------
Melee: Falchion          |   133 |   231 |   251 |   857 |   708 ||  2180
Throw: Tomahawk          |       |       |       |     1 |       ||     1
Invok: Berserk           |     1 |     6 |     3 |     8 |    10 ||    28
       Trog's Hand       |       |     1 |       |       |     3 ||     4
       Brothers in Arms  |       |       |     1 |       |     4 ||     5
Evoke: Wand              |       |       |     9 |     5 |    10 ||    24
       Fan of gales      |       |       |       |       |     1 ||     1
  Use: Scroll            |     5 |     7 |     6 |     8 |     5 ||    31
       Potion            |       |     8 |       |     3 |     2 ||    13
 Stab: Sleeping          |     9 |       |    12 |    51 |    36 ||   108
       Distracted        |       |     1 |     1 |     3 |     3 ||     8
       Invisible         |       |       |       |     2 |       ||     2
       Confused          |       |       |       |     5 |     3 ||     8
  Eat: Chunk             |     3 |    12 |    12 |    28 |    27 ||    82
       Ration            |       |       |       |       |     1 ||     1
Armor: Animal skin       |    27 |     5 |       |       |       ||    32
       Ring mail         |       |    78 |   122 |   174 |   149 ||   523
Dodge: Dodged            |    87 |   136 |   120 |   276 |   276 ||   895
Block: Buckler           |    12 |    76 |    61 |   166 |   155 ||   470
       Rpst.: Falchion   |    24 |    36 |    30 |    78 |    78 ||   246
